 Dungeon Crawl Stone Soup version 0.31-a0-1082-g7d1fb776a8 (webtiles) character file.

Game seed: 10328913872103157542

88 Flugslaktarn the Changeling (level 4, 0/29 HPs)
             Began as an Octopode Shapeshifter on Nov 28, 2023.
             Slain by an ice beast (6 damage)
             ... on level 3 of the Dungeon.
             The game lasted 00:00:51 (1900 turns).

Flugslaktarn the Changeling (Octopode Shapeshifter) Turns: 1900, Time: 00:00:52

Health: 0/29       AC:  1    Str: 15    XL:     4   Next: 54%
Magic:  4/4        EV: 12    Int: 12    God:
Gold:   143        SH:  3    Dex: 11    Spells: 3/3 levels left

rFire   . .          .
                       - Unarmed
rCold   . . .        l - +0 buckler
rNeg    . . .        (helmet currently unavailable)
rPois   .            (no amulet)
rElec   .            (no ring)
rCorr   .            (no ring)
SInv    .            (no ring)
Will    .....        (no ring)
Stlth   ++           (no ring)
HPRegen 0.24/turn    (no ring)
MPRegen 0.09/turn    (no ring)
                     (no ring)

%: no passive effects
@: beast-form
A: beast (slay +2), almost no armour, amphibious, 8 rings, camouflage 1,
gelatinous body 1, (nimble swimmer 1), tentacles
a: Begin Untransformation


You were on level 3 of the Dungeon.
You were a hulking beast.
You visited 1 branch of the dungeon, and saw 3 of its levels.

You collected 143 gold pieces.

Inventory:

Armour
 l - a +0 buckler (worn)
   (You took it off an orc on level 2 of the Dungeon)
Jewellery
 m - a ring of ice
   (You found it on level 2 of the Dungeon)
Talismans
 b - a beast talisman
 c - a flux talisman
Scrolls
 d - a scroll of vulnerability {unknown}
 f - a scroll of fear {unknown}
 h - 2 scrolls of teleportation {unknown}
 j - 5 scrolls of identify {unknown}
 k - a scroll of immolation {unknown}
 o - a scroll of blinking {unknown}
Potions
 a - a potion of lignification
 e - a potion of attraction {unknown}
 g - a potion of haste {unknown}
 i - 2 potions of heal wounds {unknown}
 n - a potion of ambrosia {unknown}
 p - 2 potions of brilliance {unknown}


   Skills:
 + Level 2.2 Fighting
 - Level 2.0 Dodging
 + Level 3.6 Unarmed Combat
 * Level 4.0 Shapeshifting


You had 3 spell levels left.
You didn't know any spells.
Your spell library was empty.

Dungeon Overview and Level Annotations

Branches:
Dungeon (3/15)

Altars:


Innate Abilities, Weirdness & Mutations

You are a hulking beast.
Your limbs bulge with bestial killing power. (Slay +2)
You cannot wear most types of armour.
You are amphibious.
You can wear up to eight rings at the same time.
Your skin changes colour to match your surroundings (Stealth+).
Your rubbery body absorbs attacks. (AC +1, EV +1)
((You are camouflaged when in or above water. (Stealth+)))
You have tentacles for arms and can constrict up to eight enemies at once.


Message History

No target in view!
There is an open door here.
There is an open door here.
You open the door.
A goblin comes into view. It is wielding a +0 club.
The goblin shouts!
There is an open door here.
A goblin is nearby!
You tentacle-slap the goblin. Your grab misses the goblin.
The goblin is almost dead.
The goblin hits you with a +0 club.
You bludgeon the goblin!
You kill the goblin!
No target in view!
No target in view!
No target in view!
No target in view!
Things that are here:
a +0 club; a goblin corpse
p - 2 cyan potions You open the door.
You open the door.
There is an open door here.
There is an open door here.
You open the door.
A jackal comes into view.
The jackal barks!
You hear an angry hiss.
A jackal comes into view.
Found a rapier.
Found 2 stones.
The jackal barks!
There is an open door here.
You tentacle-slap the jackal. Your grab misses the jackal.
You squeeze the jackal.
You kill the jackal!
An adder comes into view.
Your Shapeshifting skill increases to level 4!
The jackal barely misses you.
You see here a jackal corpse.
The adder hisses angrily.
You tentacle-slap the jackal. Your grab misses the jackal.
The jackal is lightly wounded.
The jackal closely misses you.
You tentacle-slap the jackal.
You kill the jackal!
The adder closely misses you.
You see here a jackal corpse.
You barely miss the adder. Your grab misses the adder.
The adder closely misses you. The adder bites you but does no damage.
You barely miss the adder. Your grab misses the adder. The adder bites you.
You tentacle-slap the adder. You grab the adder.
The adder is moderately wounded.
You constrict the adder. The adder bites you but does no damage.
You tentacle-slap the adder but do no damage.
The adder is severely wounded.
You constrict the adder. The adder bites you.
You are poisoned.
The adder poisons you!
You tentacle-slap the adder.
You kill the adder!
You feel sick.
No target in view!
No target in view!
You feel sick.
You feel sick.
You feel sick.
You are no longer poisoned.
Things that are here:
a +0 rapier; an adder corpse You see here 2 stones.
Things that are here:
a jackal skeleton; a jackal skeleton
There is a stone staircase leading down here.
You see here a frilled lizard skeleton.
There is an open door here.
There is an open door here.
An ice beast comes into view.
An ice beast is nearby!
An ice beast is nearby!
An ice beast is nearby!
The ice beast closely misses you.
You tentacle-slap the ice beast but do no damage.
The ice beast hits you. The ice beast freezes you!
You tentacle-slap the ice beast.
The ice beast is moderately wounded.
The ice beast hits you. The ice beast freezes you!
* * * LOW HITPOINT WARNING * * *
You are too injured to fight recklessly!
You are too injured to fight recklessly!
You tentacle-slap the ice beast.
The ice beast is moderately wounded.
The ice beast closely misses you.
You are too injured to fight recklessly!
Okay, then.
You tentacle-slap the ice beast. You squeeze the ice beast!
The ice beast is almost dead.
The ice beast hits you.
* * * LOW HITPOINT WARNING * * *
The ice beast freezes you.
You die...

### #.. #.. #.. #####
#.. #[..# #..
#+###########...######..
#.....Yh....'...........
#..##########...######..
...# #...# ###
#..####.[.#
#.....#...#####
#.....#.......#
#....)#...[...#
#.............#
#......##########


You could see an ice beast.

Vanquished Creatures
  2 adders
  3 worms (D:2)
  An orc (D:2)
  7 ball pythons
  5 endoplasms
  4 giant cockroaches
  4 hobgoblins
  4 jackals (D:3)
  A quokka (D:1)
  4 bats
  3 frilled lizards
  9 goblins
  4 kobolds
  5 rats
56 creatures vanquished.

Notes
Turn   | Place    | Note
-------+----------+-------------------------------------------
     0 | D:1      | Flugslaktarn the Octopode Shapeshifter began the quest for
                  | the Orb.
     0 | D:1      | Reached XP level 1. HP: 13/13 MP: 1/1
    99 | D:1      | Reached XP level 2. HP: 18/18 MP: 2/2
   375 | D:1      | Reached XP level 3. HP: 23/23 MP: 3/3
  1433 | D:2      | Reached XP level 4. HP: 29/29 MP: 4/4
  1794 | D:3      | Reached skill level 4 in Shapeshifting
  1893 | D:3      | Noticed an ice beast
  1900 | D:3      | Slain by an ice beast

Illustrated notes

Levels and vault maps discovered:
D:1:      onia_arrival_pyramid, layout_rooms
D:2:      layout_loops_corners, minmay_split_cup_large
D:3:      layout_basic, grunt_ministairs_15

Skill      XL: |  1  2  3  4 |
---------------+-------------+-----
Fighting       | 2 |  2.2
Shapeshifting  | 4 |  4.0
Dodging        | |  2.0
Unarmed Combat | |  3.6

Action                     |  1- 3 |  4- 6 || total
---------------------------+-------+-------++-------
  Melee: Unarmed           |    76 |    35 ||   111
         Constrict         |    24 |     4 ||    28
         Tentacles         |    13 |     6 ||    19
         Punch             |     5 |       ||     5
   Stab: Sleeping          |    10 |     2 ||    12
         Distracted        |     1 |       ||     1
 Armour: Skin              |    19 |    18 ||    37
  Dodge: Dodged            |    40 |    15 ||    55
  Block: Buckler           |     7 |     2 ||     9

Table legend: (Time is in decaauts)
 A = Elapsed time spent in this place.
 B = Non-inter-level travel time spent in this place.
 C = Inter-level travel time spent in this place.
 D = Time resting spent in this place.
 E = Time spent auto-exploring this place.
 F = Levels seen in this place.
 G = Mean time per level.
                   A        B        C        D        E       F      G
               +--------+--------+--------+--------+--------+-----+--------+
         Total |   1894 |   1869 |     25 |      0 |   1543 |   3 |  631.3 |
       Dungeon |   1894 |   1869 |     25 |      0 |   1543 |   3 |  631.3 |
               +--------+--------+--------+--------+--------+-----+--------+

Top non-repeatable levels by time:
     D:2: 925 daAuts
     D:1: 574 daAuts
     D:3: 395 daAuts
